 Dungeon Sprint DCSS version 0.21-a0-110-g8e1637b (webtiles) character file.

9 Kidiri the Sneak (level 2, 0/14 HPs)
             Began as a Spriggan Enchanter on July 8, 2017.
             Slain by a merfolk siren
             ... wielding a +0 spear
              (14 damage)
             ... in the Dungeon (Sprint II: "The Violet Keep of Menkaure").
             The game lasted 00:00:56 (62 turns).

Kidiri the Sneak (Spriggan Enchanter)                 Turns: 62, Time: 00:00:56

Health: 0/14       AC:  2    Str:  4    XL:     2   Next: 6%
Magic:  7/7        EV: 19    Int: 16    God:
Gold:   243        SH:  0    Dex: 16    Spells: 4/7 levels left

rFire    . . .     SeeInvis +   a - +1 dagger
rCold    . . .     Gourm    .   (shield restricted)
rNeg     . . .     Faith    .   b - +0 robe
rPois    .         Spirit   .   (helmet restricted)
rElec    .         Reflect  .   (no cloak)
rCorr    .         Harm     .   (gloves unavailable)
MR       .....     NoTele   +   (boots unavailable)
Stlth    +++.......             (no amulet)
HPRegen  0.04/turn              (no ring)
MPRegen  0.10/turn              (no ring)

@: mesmerised, very quick
A: unfitting armour, see invisible, herbivore 3, speed 3, slow metabolism 2
a: no special abilities


You were in the Dungeon.
You were not hungry.

You visited 1 branch You collected 243 gold pieces.

Inventory:

Hand Weapons
 a - a +1 dagger (weapon)
Armour
 b - a +0 robe (worn)
Scrolls
 j - a scroll of blinking
Potions
 e - a potion of curing
 g - a potion of haste
 h - a potion of magic
 i - a potion of berserk rage
Books
 c - a book of Maledictions

   Spells                             Type                      Level
   a - Corona                         Hexes                        1
   b - Ensorcelled Hibernation        Hexes/Ice                    2
   c - Confuse                        Hexes                        3
   d - Tukima's Dance                 Hexes                        3
   e - Dazzling Spray                 Conjuration/Hexes            3
Comestibles
 d - a bread ration


   Skills:
 + Level 0.4 Fighting
 * Level 2.1 Short Blades
 + Level 0.3 Armour
 * Level 4.0 Dodging
 * Level 5.2 Stealth
 * Level 3.4 Spellcasting
 + Level 3.9 Hexes
 + Level 0.0 Ice Magic


You had 4 spell levels left.
You knew the following spells:

 Your Spells              Type           Power        Failure   Level  Hunger
a - Corona                Hex            ###....      3%          1    None
b - Ensorcelled Hibernat  Hex/Ice        #.....       12%         2    ##.....


Dungeon Overview and Level Annotations

Branches:
Dungeon (1/1)

Altars:

Annotations:
D exclusion: orange crystal statue


Innate Abilities, Weirdness & Mutations

You are very small and have problems with some larger weapons.
You are too small for most types of armour.
You have supernaturally acute eyesight. (SInv)
You are a herbivore.
You cover ground extremely quickly.
You need consume almost no food.


Message History

Unknown command.
Casting: Ensorcelled Hibernation
Confirm with . or Enter, or press ? or * to list all spells.
Aiming: Ensorcelled Hibernation
Press: ? - help, Shift-Dir - straight line, f/p - merfolk siren
Aim: a merfolk siren, wielding a spear (severely wounded, chance to defeat MR: 12%)
The merfolk siren resists with almost no effort.
The merfolk siren chants a haunting song.
You are mesmerised by the merfolk siren!
Casting: Ensorcelled Hibernation
Confirm with . or Enter, or press ? or * to list all spells.
Aiming: Ensorcelled Hibernation
Press: ? - help, Shift-Dir - straight line, f/p - merfolk siren
Aim: a merfolk siren, wielding a spear (heavily wounded, mesmerising, chance to defeat MR: 12%)
The merfolk siren resists with almost no effort.
The merfolk siren chants its luring song.
Magic courses through your body.
The merfolk siren hits you with a spear!
Ouch! That really hurt!
You die...

## ## #.###.#
## #H#H# #
##.###+# .##
#...##.##.w.#
#@'.<.+#
#.m.##.##.w$#
##.###+# .##
####..### #
#.%##.#
##.#.## ##+##
#≈≈≈≈≈≈≈≈≈§≈
#+++#+++#≈≈§


You could see a merfolk siren.

Vanquished Creatures
  3 worms (D)
3 creatures vanquished.

Notes
Turn   | Place    | Note
-------+----------+-------------------------------------------
     0 | D        | Kidiri the Spriggan Enchanter began the quest for the Orb.
     0 | D        | Reached XP level 1. HP: 9/9 MP: 5/5
    14 | D        | Noticed an orange crystal statue
    17 | D        | Reached skill level 5 in Stealth
    17 | D        | Reached XP level 2. HP: 14/14 MP: 7/7
    30 | D        | Learned a level 2 spell: Ensorcelled Hibernation
    38 | D        | Noticed a merfolk siren
    42 | D        | Noticed a tyrant leech
    42 | D        | Noticed a tyrant leech
    46 | D        | Noticed a hippogriff
    46 | D        | Noticed a hippogriff
    62 | D        | Slain by a merfolk siren

Vault maps used:
D:        the_violet_keep_of_menkaure

Skill      XL: |  1 |
---------------+----+-----
Spellcasting   | 3 |  3.4
Short Blades   | 2 |  2.1
Dodging        | 4 |  4.0
Stealth        | 5 |  5.2
Fighting       | |  0.4
Armour         | |  0.3
Hexes          | |  3.9

Action                   || total
-------------------------++-------
Melee: Dagger            ||     5
 Cast: Ensorcelled Hiber ||     3
  Use: Potion            ||     2
 Stab: Sleeping          ||     5
Dodge: Dodged            ||     5
